 Dungeon Crawl Stone Soup version 0.31.0-32-g396128a36d (webtiles) character file.

Game seed: 11338008965304569620

1418 MollyMolluskus the Ruffian (level 8, -1/82 HPs)
             Began as an Octopode Fighter on Mar 22, 2024.
             Was an Initiate of Wu Jian.
             Slain by a phantom (2 damage)
             ... on level 6 of the Dungeon.
             The game lasted 00:12:15 (5406 turns).

MollyMolluskus the Ruffian (Octopode Fighter)       Turns: 5406, Time: 00:12:15

Health: -1/82      AC: 24    Str: 17    XL:     8   Next: 71%
Magic:  8/8        EV:  2    Int: 11    God:    Wu Jian [......]
Gold:   323        SH:  5    Dex: 11    Spells: 7/7 levels left

rFire   . .          .
                       - Unarmed
rCold   . . .        a - +1 buckler
rNeg    . . .        (helmet currently unavailable)
rPois   +            (no amulet)
rElec   .            (no ring)
rCorr   .            (no ring)
SInv    .            (no ring)
Will    .....        (no ring)
Stlth   ++           (no ring)
HPRegen 0.33/turn    (no ring)
MPRegen 0.11/turn    (no ring)
                     (no ring)

%: no passive effects
@: tree-form, attractive, hasted, very quick
A: stationary, stasis, torment immunity, boosted hp, almost no armour,
(amphibious), 8 rings, (camouflage 1), (gelatinous body 1), (nimble swimmer 1),
(tentacles)
a: Renounce Religion


You were on level 6 of the Dungeon.
You worshipped Wu Jian.
Wu Jian was noncommittal.
You were a tree.
You visited 2 branches of the dungeon, and saw 7 of its levels.

You collected 323 gold pieces.

Inventory:

Missiles
 j - 2 boomerangs (quivered)
Armour
 a - a +1 buckler (worn)
Talismans
 c - a serpent talisman
Scrolls
 d - a scroll of immolation
 g - a scroll of teleportation
Potions
 e - a potion of attraction
 f - a potion of resistance
 h - a potion of invisibility


   Skills:
 + Level 5.2 Fighting
 + Level 5.3 Dodging
 - Level 4.0 Stealth
 - Level 4.0 Shields
 * Level 6.6 Unarmed Combat
 + Level 3.2 Shapeshifting


You had 7 spell levels left.
You didn't know any spells.
Your spell library contained the following spells:

 Spells                   Type           Power      Damage    Failure   Level
 Ensorcelled Hibernation  Hex/Ice        0%         N/A       56%         2
 Mercury Vapours          Alch/Air       0%         N/A       56%         2
 Mephitic Cloud           Conj/Alch/Air  0%         N/A       80%         3
 Passwall                 Erth           0%         N/A       80%         3
 Stone Arrow              Conj/Erth      0%         3d7       80%         3
 Swiftness                Air            0%         N/A       80%         3
 Freezing Cloud           Conj/Ice/Air   0%         6-21      100%        5
 Lehudib's Crystal Spear  Conj/Erth      0%         10d2      100%        8
 Animate Armour           Summ/Erth      Unusable   N/A       N/A         4

Dungeon Overview and Level Annotations

Branches:
Dungeon (6/15)             Temple (1/1) D:5

Altars:
Ashenzari
Cheibriados
Elyvilon
Gozag
Kikubaaqudgha
Makhleb
Nemelex Xobeh
Qazlal
Ru
Sif Muna
Uskayaw
Wu Jian
Xom
Zin


Innate Abilities, Weirdness & Mutations

You are a tree.
Your roots penetrate the ground, keeping you stationary.
You cannot be teleported.
You are immune to unholy pain and torment.
Your maximum health is greatly increased.
You cannot wear most types of armour.
((You are amphibious.))
You can wear up to eight rings at the same time.
((Your skin changes colour to match your surroundings (Stealth+).))
((Your rubbery body absorbs attacks. (AC +1, EV +1)))
((You are camouflaged when in or above water. (Stealth+)))
((You have tentacles for arms and can constrict up to eight enemies at once.))


Message History

The phantom hits you but does no damage.
Unknown command.
You feel less invigorated.
You feel less confused.
You block the centaur's attack. x2; The orc hits you but does no damage.
The gnoll hits you from afar with a +0 spear.
* * * LOW HITPOINT WARNING * * *
The phantom hits you but does no damage.
The gnoll hits you but does no damage. x2
The centaur hits you but does no damage.
The centaur kicks you but does no damage.
The gnoll hits you but does no damage.
You hit the centaur but do no damage. The centaur hits you.
* * * LOW HITPOINT WARNING * * *
You block the centaur's attack. The orc hits you but does no damage.
The gnoll hits you but does no damage. x3
The phantom hits you but does no damage.
The gnoll hits you but does no damage.
Unknown command.
You smack the centaur!
The centaur is moderately wounded.
The centaur hits you but does no damage.
The centaur kicks you but does no damage.
Unknown command.
You smack the centaur!
The centaur is severely wounded.
The centaur hits you.
* * * LOW HITPOINT WARNING * * *
The centaur kicks you but does no damage.
The phantom hits you but does no damage.
You block the orc's attack.
A sky beast appears from thin air!
Reactivating autopickup.
The gnoll hits you but does no damage. The gnoll hits you with a +0 halberd.
* * * LOW HITPOINT WARNING * * *
The gnoll hits you but does no damage. You block the gnoll's attack.
The centaur hits you but does no damage.
The centaur kicks you but does no damage.
It was a potion of haste.
You feel yourself speed up. The orc hits you but does no damage.
The phantom hits you.
You die...

#.......† #........ #........
#........ ..#############
##..†.....
....#.....##..###.........
..........................
.........g.....####........
..>.....)g♣o.# #......... #
........gWgc(#####^..#.##.# #.
...)...).Y..#.........# .#
#.#.#.#............####...###.#
..♣...♣.......................
#.#.#.#.#...)....######..####.#
♣...♣.........###.........##.#
#.#.##..)..# #.............
♣...♣.......# #...........#.


You could see a sky beast, a phantom, a centaur, 4 gnolls and an orc.

Vanquished Creatures
  Grinder (D:4)
  Eustachio (D:4)
  Edmund (D:4)
  A black bear (D:5)
  An ogre (D:5)
  Blork the orc (D:4)
  3 scorpions
  2 hounds (D:5)
  2 jellies
  4 orc priests
  A gnoll bouda (D:5)
  2 iguanas
  An orc wizard (D:4)
  Robin (D:3)
  5 gnolls
  5 adders
  2 ufetubi (D:5)
  2 dart slugs
  11 orcs
  5 endoplasms
  2 giant cockroaches
  16 goblins
  5 hobgoblins
  2 jackals (D:2)
  14 kobolds
  2 quokkas
  7 ball pythons
  4 bats
  3 frilled lizards
  9 rats
116 creatures vanquished.

Notes
Turn   | Place    | Note
-------+----------+-------------------------------------------
     0 | D:1      | MollyMolluskus the Octopode Fighter began the quest for the
                  | Orb.
     0 | D:1      | Reached XP level 1. HP: 16/16 MP: 1/1
   104 | D:1      | Reached XP level 2. HP: 18/21 MP: 2/2
   433 | D:1      | Reached skill level 1 in Stealth
   576 | D:1      | Reached XP level 3. HP: 25/26 MP: 3/3
  1422 | D:2      | Reached XP level 4. HP: 30/31 MP: 4/4
  1464 | D:2      | Reached skill level 3 in Unarmed Combat
  1662 | D:2      | Found a faded altar of an unknown god.
  2326 | D:3      | Noticed Robin
  2364 | D:3      | Killed Robin
  2365 | D:3      | Reached XP level 5. HP: 8/36 MP: 5/5
  3078 | D:4      | Reached XP level 6. HP: 35/43 MP: 6/6
  3138 | D:4      | Reached skill level 4 in Unarmed Combat
  3272 | D:4      | Noticed Blork the orc
  3282 | D:4      | Killed Blork the orc
  3283 | D:4      | Reached skill level 1 in Shapeshifting
  3398 | D:4      | Noticed Grinder
  3424 | D:4      | Paralysed by Grinder for 3 turns
  3431 | D:4      | Killed Grinder
  3432 | D:4      | Reached XP level 7. HP: 23/48 MP: 7/7
  3731 | D:4      | Noticed Eustachio
  3734 | D:4      | Noticed Edmund
  3741 | D:4      | Reached skill level 5 in Unarmed Combat
  3748 | D:4      | Killed Edmund
  3756 | D:4      | Killed Eustachio
  3757 | D:4      | Reached XP level 8. HP: 19/54 MP: 8/8
  4109 | D:5      | Entered Level 5 of the Dungeon
  4455 | D:5      | Reached skill level 5 in Dodging
  4455 | D:5      | Reached skill level 6 in Unarmed Combat
  4523 | D:5      | Reached skill level 5 in Fighting
  4959 | D:5      | Found a staircase to the Ecumenical Temple.
  4968 | Temple   | Entered the Ecumenical Temple
  4984 | Temple   | Became a worshipper of the Wu Jian Council
  5405 | D:6      | HP: 1/82 [gnoll/+0 halberd (5)]
  5406 | D:6      | Slain by a phantom

Illustrated notes

Levels and vault maps discovered:
D:1:      scummos_arrival_simple_fountains, layout_basic
D:2:      layout_basic, shapermc_ecumenical_altar_flowoftime, minivault_24
D:3:      layout_loops_ring, kennysheep_generic_room_8, uniq_robin
D:4:      layout_gridville, uniq_grinder, uniq_eustachio, uniq_blork_the_orc,
          uniq_edmund
D:5:      layout_basic, lemuel_temple_firewalk_b
D:6:      layout_rooms, kennysheep_mini_moat, gammafunk_ghost_cemetery,
          kennysheep_crisscross, st_stairs_14,
          hangedman_abyss_or_decor_jellyfish_corner,
          kennysheep_opposing_triangles, uniq_duvessa, uniq_crazy_yiuf_cottage,
          uniq_jeremiah
Temple:   jpeg_temple_clearing

Skill      XL: |  1  2  3  4  5  6  7  8 |
---------------+-------------------------+-----
Stealth        | 1 2 3 4 |  4.0
Unarmed Combat | 3 4 5 6 |  6.6
Dodging        | 4 5 |  5.3
Shields        | 4 |  4.0
Shapeshifting  | 1 2 3 |  3.2
Fighting       | 4 5 |  5.2

Action                     |  1- 3 |  4- 6 |  7- 9 || total
---------------------------+-------+-------+-------++-------
  Melee: Unarmed           |    62 |   113 |    93 ||   268
         Constrict         |    18 |    33 |    20 ||    71
         Tentacles         |    12 |    24 |    22 ||    58
         Punch             |     3 |     4 |     8 ||    15
  Throw: Stone             |     1 |     4 |       ||     5
         Boomerang         |       |       |     3 ||     3
Ability: Lunge             |       |       |     3 ||     3
    Use: Scroll            |     6 |     9 |     2 ||    17
         Potion            |       |     1 |     6 ||     7
   Stab: Sleeping          |     4 |    12 |     5 ||    21
 Armour: Skin              |    22 |    41 |   128 ||   191
  Dodge: Dodged            |    35 |    51 |    47 ||   133
  Block: Buckler           |     3 |    19 |    24 ||    46
